 Dungeon Crawl Stone Soup version bcrawl-1.31.3 (webtiles) character file.

Game seed: 11366535577243949917

218462 Artagas the Cutter (level 8, -3/54 HPs)
             Began as a Kobold Chaos Knight on Apr 30, 2021.
             Was a Believer of Makhleb.
             Slain by a hell rat (17 damage)
             ... on level 5 of the Dungeon on May 5, 2021.
             The game lasted 00:10:27 (4660 turns).

Artagas the Cutter (Kobold Chaos Knight)            Turns: 4660, Time: 00:10:28

Health: -3/54      AC:  6    Str: 11    XL:     8   Next: 35%
Magic:  7/7        EV: 16    Int: 13    God:    Makhleb [**....]
Gold:   139        SH:  0    Dex: 14    Spells: 7/7 levels left

rFire    . . .     SeeInvis .   a - +2 short sword (drain)
rCold    . . .     Gourm    +   (shield restricted)
rNeg     . . .     Faith    .   v - +2 leather armour
rPois    .         Spirit   .   j - +1 hat
rElec    .         Reflect  .   (no cloak)
rCorr    .         Harm     .   (no gloves)
MR       .....                  (no boots)
Stlth    ++........             l - amulet of the gourmand
HPRegen  0.18/turn              (no ring)
MPRegen  0.10/turn              (no ring)

@: heavily drained
A: small, talons 1, carnivore, dopey 1, low mp 1, mutation resistance 1, sense
surroundings 2, MP-powered wands
a: Minor Destruction, Renounce Religion


You were on level 5 of the Dungeon.
You worshipped Makhleb.
Makhleb was pleased with you.
You were completely stuffed.

You visited 1 branch of the dungeon, and saw 5 of its levels.

You collected 279 gold pieces.
You spent 140 gold pieces at shops.

Inventory:

Hand Weapons
 a - a +2 short sword of draining (weapon)
   (You took it off a kobold on level 2 of the Dungeon)
 b - a +0 hand crossbow
   (You found it on level 4 of the Dungeon)
 f - a +0 falchion of venom
   (You took it off a kobold on level 1 of the Dungeon)
 o - a +0 blowgun
   (You took it off a kobold on level 3 of the Dungeon)
 u - a +0 short sword of chaos
 x - a +2 hand axe of flaming
   (You took it off an orc on level 3 of the Dungeon)
Missiles
 g - 505 sling bullets
 m - 89 bolts
 p - 4 curare-tipped needles
Armour
 j - a +1 hat (worn)
   (You found it on level 3 of the Dungeon)
 v - a +2 leather armour (worn)
Jewellery
 l - an amulet of the gourmand (around neck)
   (You found it on level 3 of the Dungeon)
Wands
 y - a wand of acid (4)
   (You bought it in a shop on level 5 of the Dungeon)
 D - a wand of polymorph (7)
   (You took it off an orc wizard on level 5 of the Dungeon)
Scrolls
 c - 2 scrolls of fear
 d - a scroll of fog
 n - a scroll of enchant weapon {unknown}
 t - 4 scrolls of teleportation
 w - a scroll of remove curse
 z - 2 scrolls of blinking
 F - a scroll of vulnerability {unknown}
Potions
 h - 4 potions of haste
 i - a potion of magic
 k - a potion of might {unknown}
 q - a potion of curing
 r - a potion of degeneration {unknown}
 s - a potion of agility
 B - a potion of lignification {unknown}
 C - 2 potions of brilliance {unknown}
 E - a potion of flight {unknown}
Comestibles
 e - 12 rations {!d}
 A - 3 chunks of flesh


   Skills:
 + Level 4.7(3.0) Fighting
 - Level 7.0(5.2) Short Blades
 - Level 5.0(3.3) Crossbows
 - Level 1.0(0.0) Armour
 - Level 6.0(4.2) Dodging
 - Level 5.0(3.3) Stealth


You had 7 spell levels left.
You didn't know any spells.
Your spell library contained the following spells:

 Spells                   Type           Power        Failure   Level  Hunger
 Magic Dart               Conj           #...         38%         1    None
 Summon Small Mammal      Summ           #...         38%         1    None
 Call Imp                 Summ           #.....       52%         2    ####...
 Searing Ray              Conj           #.......     52%         2    ####...
 Call Canine Familiar     Summ           #.......     77%         3    #####..
 Confuse                  Hex            #.......     77%         3    #####..
 Dazzling Orbs            Conj/Hex       #......      77%         3    #####..
 Iskenderun's Mystic Bla  Conj           #.......     77%         3    #####..
 Fulminant Prism          Conj/Hex       #.........   99%         4    ######.
 Petrify                  Tmut/Erth      #.........   99%         4    ######.
 Summon Ice Beast         Ice/Summ       #.......     99%         4    ######.
 Yara's Violent Unravell  Hex/Tmut       #.........   99%         4    ######.
 Irradiate                Conj/Tmut      #.........   100%        5    #######
 Metabolic Englaciation   Hex/Ice        #.........   100%        5    #######
 Summon Lightning Spire   Summ/Air       #.......     100%        5    #######
 Mana Rupture             Conj/Hex       #.........   100%        7    #######


Dungeon Overview and Level Annotations

Branches:
Dungeon (5/12)             Temple (0/1) D:5

Altars:
Makhleb

Shops:
D:5 }

Annotations:
D:4 2 transporters


Innate Abilities, Weirdness & Mutations

You are small and have problems with some larger weapons.
You have sharp toenails.
You are carnivorous and can eat meat at any time.
You are somewhat resistant to further mutation.
You passively map the area around you.
You are dopey. (Int -2)
Your magical capacity is low. (-10% MP)
You expend magic power (3 MP) to strengthen your wands.


Message History

You kill the hell rat!
Makhleb accepts your kill.
You feel better.
You start resting.
Your butterfly disappears in a puff of smoke!
A rat comes into view.
A rat is nearby!
You start resting.
The rat is too close now for your liking.
No target in view!
Items here: †††† a hell rat corpse; a rat corpse; a river rat corpse; a hell rat corpse A rat is nearby!
No target in view!
No target in view!
You start resting.
The rat is too close now for your liking.
A rat is nearby!
A river rat comes into view.
You see here a rat corpse.
A rat, a river rat and a hell rat come into view.
You catch the helpless river rat completely off-guard!
You hit the river rat. You drain the river rat.
You kill the river rat!
Makhleb accepts your kill.
You feel better. The rat closely misses you.
You see here a rat corpse.
Items here: †††† a hell rat corpse; a rat corpse; a river rat corpse; a hell rat corpse You hit the rat.
You kill the rat!
Makhleb accepts your kill.
No target in view!
No target in view!
Items here: †††† a hell rat corpse; a rat corpse; a river rat corpse; a hell rat corpse You barely miss the rat.
Your kick misses the rat. The rat misses you.
You hit the rat.
You kill the rat!
Makhleb accepts your kill.
You feel better.
No target in view!
No target in view!
You see here a rat corpse.
You see here a rat corpse.
The hell rat roars deafeningly!
You hit the rat.
The rat is severely wounded.
You hit the rat.
You kill the rat!
Makhleb accepts your kill. The rat misses you.
You see here a rat corpse.
You closely miss the river rat. The river rat misses you.
You hit the river rat. You drain the river rat. You claw the river rat.
The river rat is almost dead.
You hit the hell rat.
You claw the hell rat, but do no damage.
The hell rat is lightly wounded.
You hit the hell rat.
The hell rat is heavily wounded.
The hell rat closely misses you.
You hit the hell rat.
The hell rat is heavily wounded.
The hell rat bites you.
You hit the hell rat but do no damage.
The hell rat is heavily wounded.
The hell rat bites you!
You hit the hell rat but do no damage.
The hell rat is heavily wounded.
The hell rat closely misses you.
You barely miss the hell rat.
The hell rat is heavily wounded.
The hell rat closely misses you.
You hit the hell rat but do no damage.
The hell rat is heavily wounded.
The hell rat misses you.
You hit the hell rat but do no damage. Your kick misses the hell rat.
The hell rat is heavily wounded.
The hell rat bites you!
You closely miss the hell rat.
The hell rat is heavily wounded.
The hell rat misses you.
You closely miss the hell rat.
You claw the hell rat, but do no damage.
The hell rat is heavily wounded.
The hell rat barely misses you. The hell rat misses you.
You hit the hell rat but do no damage.
You claw the hell rat, but do no damage.
The hell rat is heavily wounded.
The hell rat bites you.
You hit the hell rat.
You claw the hell rat, but do no damage.
The hell rat is severely wounded.
The hell rat bites you!!
* * * LOW HITPOINT WARNING * * *
Eat one of 4 chunks of flesh? (ye/n/q)
You eat one of the 4 chunks of flesh.
This raw flesh tastes great.
The hell rat bites you!
You die...

...# #.###########
...# #.# # ...# #.#
...# #.# #### #.#
#.### ###########..#
###†......###..#
####..##.†@#...##.##
#.#.#######r# #.##÷#
##.## #...r...##.##
#.####....r#..##.###
##..##[...#
...##..## ###÷##...
,.######.# ##.#####
######.##
##..#.###.#..÷##
###.#...#.####


You could see a hell rat and a river rat.

Vanquished Creatures
  An ice beast (D:5)
  A centaur (D:5)
  A bullfrog (D:5)
  2 crimson imps (D:4)
  3 hounds
  An orc priest (D:5)
  6 orc wizards
  2 worker ants
  2 hell rats (D:5)
  3 gnolls (D:5)
  8 adders
  3 river rats (D:5)
  An ooze (D:3)
  An adder skeleton (D:2)
  4 worms
  4 dart slugs
  4 leopard geckos
  13 orcs
  7 bats
  4 giant cockroaches
  8 goblins
  5 hobgoblins
  8 jackals
  15 kobolds
  5 quokkas
  2 ball pythons
  2 frilled lizards
  17 rats
133 creatures vanquished.

Vanquished Creatures (others)
  An orc (D:3)
1 creature vanquished.

Grand Total: 134 creatures vanquished

Notes
Turn   | Place    | Note
-------+----------+-------------------------------------------
     0 | D:1      | Artagas the Kobold Chaos Knight began the quest for the
                  | Orb.
     0 | D:1      | Reached XP level 1. HP: 16/16 MP: 1/1
    99 | D:1      | Reached XP level 2. HP: 19/21 MP: 2/2
   130 | D:1      | Reached skill level 1 in Stealth
   206 | D:1      | XOM: harmless Conj miscast
   215 | D:1      | XOM: harmless Tloc miscast
   244 | D:1      | XOM: harmless Tloc miscast
   329 | D:1      | Reached XP level 3. HP: 26/26 MP: 3/3
   347 | D:1      | Reached skill level 3 in Dodging
   398 | D:1      | XOM is BORED!
   398 | D:1      | XOM: harmless Pois miscast
   553 | D:1      | XOM: divination: detect creatures
   716 | D:1      | XOM: harmless Summ miscast
   961 | D:2      | XOM: silly message
  1073 | D:2      | Reached skill level 2 in Stealth
  1161 | D:2      | Reached XP level 4. HP: 30/33 MP: 4/4
  1378 | D:2      | Reached skill level 4 in Fighting
  1469 | D:2      | Found a burning altar of Makhleb.
  1483 | D:2      | Reached XP level 5. HP: 35/37 MP: 5/5
  1484 | D:2      | Fell from the grace of Xom
  1484 | D:2      | Became a worshipper of Makhleb the Destroyer
  1620 | D:3      | Reached skill level 5 in Short Blades
  1668 | D:3      | Reached skill level 3 in Stealth
  1683 | D:3      | Reached skill level 4 in Dodging
  1757 | D:3      | XOM: noise
  1966 | D:3      | XOM: 1-stop teleportation journey
  2006 | D:3      | XOM is BORED!
  2006 | D:3      | XOM: noise
  2025 | D:3      | XOM: harmless Tmut miscast
  2087 | D:3      | XOM: god gift: thick smoking staff {god gift}
  2152 | D:3      | Reached XP level 6. HP: 43/43 MP: 6/6
  2392 | D:3      | Reached skill level 4 in Stealth
  2393 | D:3      | Reached * piety under Makhleb
  2395 | D:3      | XOM: destruction
  2648 | D:4      | Reached skill level 6 in Short Blades
  2722 | D:4      | XOM: noise
  2738 | D:4      | Reached XP level 7. HP: 42/48 MP: 7/7
  2817 | D:4      | Reached skill level 5 in Dodging
  2817 | D:4      | Reached skill level 5 in Stealth
  2999 | D:4      | Found a transporter.
  3029 | D:4      | XOM: torment (25/48 hp)
  3202 | D:3      | XOM: mild Erth miscast
  3445 | D:4      | XOM is BORED!
  3463 | D:4      | Found a transporter.
  3710 | D:5      | Entered Level 5 of the Dungeon
  3802 | D:5      | Found Peedunao's Gadget Shop.
  3807 | D:5      | Bought a wand of acid (4) for 140 gold pieces
  3854 | D:5      | Reached skill level 7 in Short Blades
  3854 | D:5      | Reached skill level 6 in Dodging
  3854 | D:5      | Reached skill level 1 in Crossbows
  3874 | D:5      | XOM: blink monster(s)
  3881 | D:5      | XOM: silly message
  3892 | D:5      | Reached skill level 3 in Crossbows
  3917 | D:5      | Reached XP level 8. HP: 38/54 MP: 8/8
  3924 | D:5      | Found a staircase to the Ecumenical Temple.
  3950 | D:5      | XOM: summons 4 hostile demons
  4097 | D:5      | XOM: noise
  4101 | D:5      | XOM: draining
  4104 | D:5      | Reached skill level 4 in Crossbows
  4315 | D:5      | Reached skill level 5 in Crossbows
  4329 | D:5      | XOM: give mutations
  4329 | D:5      | Gained mutation: You expend magic power (3 MP) to
                  | strengthen your wands. [Xom's mischief]
  4329 | D:5      | Gained mutation: You are dopey. (Int -2) [Xom's mischief]
  4329 | D:5      | Gained mutation: Your magical capacity is low. (-10% MP)
                  | [Xom's mischief]
  4435 | D:5      | XOM: scenery: 1 doors open
  4480 | D:5      | Reached ** piety under Makhleb
  4524 | D:5      | XOM: confuse monster(s)
  4527 | D:5      | XOM: smoke on damage
  4535 | D:5      | XOM: butterfly on damage
  4627 | D:5      | Found the +2 ratskin cloak {+Rats rN+}
  4660 | D:5      | Slain by a hell rat

Skill      XL: |  1  2  3  4  5  6  7  8 |
---------------+-------------------------+-----
Stealth        | 1 2 3 4 5 |  5.0
Dodging        | 3 4 6 |  6.0
Fighting       | 4 |  4.7
Short Blades   | 5 6 7 |  7.0
Crossbows      | 3 5 |  5.0
Armour         | |  1.0

Action                   |  1- 3 |  4- 6 |  7- 9 || total
-------------------------+-------+-------+-------++-------
Melee: Short sword       |    86 |   140 |   164 ||   390
       Kick              |    16 |    26 |    36 ||    78
       Unarmed           |       |       |     7 ||     7
  Use: Scroll            |     1 |     8 |       ||     9
 Stab: Sleeping          |     1 |     4 |     8 ||    13
       Paralysed         |     1 |       |       ||     1
       Distracted        |       |       |     1 ||     1
       Confused          |       |       |     1 ||     1
  Eat: Chunk             |    11 |     7 |    10 ||    28
Armor: Leather armour    |    17 |    23 |    16 ||    56
       Skin              |       |       |     1 ||     1
Dodge: Dodged            |    46 |    88 |   104 ||   238

Levels and vault maps discovered:
D:1:      kennysheep_arrival_forest, layout_loops_ring, minmay_misc_feat_tower
D:2:      layout_basic, minmay_misc_feat_alley, makhleb_heckhound_becter
D:3:      layout_basic, corexii_item_surrounded_by_moat
D:4:      gammafunk_cloud_chamber, layout_basic, first_ration
D:5:      wander_guarded_unrand_ratskin, layout_basic,
          minmay_temple_entry_statues_pillars, serial_shops,
          kennysheep_little_box

Table legend:
 A = Turns spent in this place as a percentage of turns spent in the entire game.
 B = Non-inter-level travel turns spent in this place as a percentage of non-inter-level travel turns spent in the entire game.
 C = Inter-level travel turns spent in this place as a percentage of turns spent in this place.
 D = Turns resting spent in this place as a percentage of non-inter-level travel turns spent in this place.
 E = Turns spent auto-exploring this place as a percentage of non-inter-level travel turns spent in this place.
 F = Non-inter-level travel turns spent in this place divided by the number of levels of this place that you've seen.
                   A       B       C       D       E      F
               +-------+-------+-------+-------+-------+----------------------
         Total | 100.0 | 100.0 |   4.3 |   4.6 |  73.1 | 891.6
       Dungeon | 100.0 | 100.0 |   4.3 |   4.6 |  73.1 | 891.6
               +-------+-------+-------+-------+-------+----------------------

Table legend:
 A = Kills in this place as a percentage of kills in entire the game.
 B = Kills by you in this place as a percentage of kills by you in the entire game.
 C = Kills by friends in this place as a percentage of kills by friends in the entire game.
 D = Other kills in this place as a percentage of other kills in the entire game.
 E = Experience gained in this place as a percentage of experience gained in the entire game.
 F = Experience gained in this place divided by the number of levels of this place that you have seen.
                   A       B       C       D       E      F
               +-------+-------+-------+-------+-------+----------------------
         Total | 100.0 | 100.0 |   N/A | 100.0 | 100.0 | 271.6
       Dungeon | 100.0 | 100.0 |   N/A | 100.0 | 100.0 | 271.6
               +-------+-------+-------+-------+-------+----------------------
